AoeStats
← Tunga

Arena

507802708Analyzed
1v1 RM · 13d ago on Sep 19, 2026· 40m 58s· 2 players
Game mode
Random Map
Map size
Tiny (2 player)
Population
200
Speed
Normal
Resources
Standard
Victory
Conquest
Starting age
Dark Age
Ending age
Imperial Age
RankedLock teamsTeams togetherTeam positionsShared explorationLock speedFull tech treeHidden civsTurbo modeCheats
Victory
Defeat
🇨🇴 Bohemians · Colombia
769
+14
🇹🇷 Vietnamese · Türkiye
730
-14
Tunga
0:28 Loom
11:50 Feudal Age
12:45 Double-Bit Axe
13:51 Wheelbarrow
16:09 Horse Collar
16:54 Man-at-Arms
19:07 Gold Mining
21:43 Padded Archer Armor
26:06 Castle Age
28:32 Hand Cart
30:23 Heavy Plow
31:47 Leather Archer Armor
31:22 Fletching
32:37 Chatras
39:51 Imperial Age
37:54 Bow Saw
MeisolMLG
0:28 Loom
10:00 Feudal Age
10:26 Double-Bit Axe
10:22 Horse Collar
12:00 Wheelbarrow
18:01 Town Watch
21:27 Castle Age
19:17 Man-at-Arms
23:02 Bow Saw
22:54 Heavy Plow
29:54 Fletching
30:04 Padded Archer Armor
36:25 Imperial Age
34:14 Hand Cart
33:59 Town Patrol
35:03 Chemistry
33:43 Treadmill Crane
35:07 Forging
34:57 Scale Mail Armor
34:53 Bodkin Arrow
35:13 Leather Archer Armor
35:28 Masonry
36:08 Redemption
35:58 Atonement
36:09 Fervor
35:37 Pikeman
36:19 Squires
36:05 Arson
35:40 Long Swordsman
37:09 Bracer
37:45 Iron Casting
37:25 Chain Mail Armor
37:15 Scale Barding Armor
37:17 Halberdier
39:17 Wagenburg Tactics
39:18 Hussite Reforms
40:20 Two-Man Saw
39:03 Two-Handed Swordsman
40:21 Ring Archer Armor
39:58 Murder Holes
39:49 Arrowslits
40:57 Houfnice
Connection lost

Rejoining the realm…

Still unreachable

The connection could not be restored.

Session expired

The server has moved on; the page needs a fresh start.